Map: Terraform LE (Void)

Players

Javert

  • Race: Zerg Zerg
  • League: Gold

Rebok - Winner!

  • Race: Zerg Zerg
  • League: Gold

VOD

Have the link to the VOD?

Description

Time

  • Played on: Sept. 4, 2015, 12:35 a.m.
  • Length: 15:29
Show
View Real Time Build Order
Export as new Build Order

Javert Zerg 

Build Orders: Pool First 

Get SALT Encoding   

  12  0:01  Drone  
  13  0:14  Overlord  
  13  0:19  Drone  
  14  0:32  Drone x2  
  16  0:39  Drone  
  17  0:46  Spawning Pool  
  16  0:50  Drone  
  17  0:59  Drone  
  18  1:17  Hatchery  
  17  1:34  Roach Warren, Queen  
  17  1:36  Extractor  
  17  1:39  Drone  
  18  1:41  Drone  
  18  1:47  Drone  
  20  1:53  Overlord  
  20  2:17  Roach  
  22  2:23  Roach  
  24  2:32  Queen  
  24  2:36  Queen  
  26  2:39  Drone x3  
  31  2:53  Roach x2  
  35  2:59  Drone  
  36  3:09  Overlord  
  36  3:17  Overlord x2  
  36  3:23  Overlord  
  36  3:32  Hatchery  
  35  3:41  Drone x4  
  39  4:04  Drone  
  39  4:05  Drone x7  
  47  4:20  Evolution Chamber  
  47  4:22  Lair  
  46  4:24  Extractor  
  46  4:29  Drone x6  
  51  4:47  Drone x5  
  51  4:51  Zerg Missile Weapons Level 1  
  56  4:54  Extractor  
  56  4:55  Extractor  
  54  5:12  Roach x5  
  54  5:13  Roach x4  
  72  5:18  Overlord  
  72  5:24  Glial Reconstitution  
  72  5:34  Roach  
  74  5:37  Overlord x2  
  74  5:47  Roach  
  74  5:48  Roach x3  
  82  5:55  Evolution Chamber  
  82  5:56  Evolution Chamber  
  80  5:57  Evolution Chamber  
  79  6:05  Roach  
  79  6:06  Roach x4  
  89  6:19  Overlord x2  
  89  6:27  Overlord x2  
  89  6:36  Zerg Ground Armor Level 1  
  89  6:37  Overlord x2  
  89  6:53  Roach x5  
  99  7:03  Evolution Chamber  
  99  7:05  Drone x3  
  99  7:06  Drone x2  
  104  7:13  Overlord x2  
  80  7:44  Roach x10  
  70  7:56  Roach x5  
  78  8:12  Spore Crawler x2  
  77  8:13  Spore Crawler  
  77  8:14  Spore Crawler x2  
  77  8:17  Drone x2  
  75  8:24  Drone x2  
  75  8:25  Drone  
  58  8:43  Roach  
  58  8:44  Roach x5  
  68  9:07  Hydralisk Den  
  68  9:08  Drone x6  
  68  9:09  Drone x5  
  78  9:14  Zerg Missile Weapons Level 2  
  78  9:37  Spore Crawler  
  78  9:38  Spore Crawler  
  76  9:40  Infestation Pit  
  76  9:45  Roach x2  
  79  9:49  Hatchery  
  78  10:03  Hydralisk x2  
  78  10:04  Hydralisk x3  
  88  10:13  Spore Crawler  
  85  10:26  Hydralisk x4  
  93  10:39  Extractor  
  93  10:41  Drone x2  
  93  10:42  Drone x4  
  98  10:56  Drone x6  
  98  10:57  Drone  
  105  11:06  Drone x2  
  105  11:07  Drone x2  
  109  11:20  Hive  
  109  11:25  Hydralisk  
  111  11:26  Extractor x2  
  109  11:40  Spore Crawler  
  109  11:44  Spore Crawler  
  107  11:53  Queen  
  109  11:57  Spore Crawler  
  109  12:01  Spore Crawler  
  107  12:02  Overlord  
  107  12:03  Drone x2  
  107  12:04  Drone x3  
  112  12:10  Muscular Augments  
  112  12:13  Overlord x2  
  112  12:17  Roach  
  112  12:18  Roach x7  
  125  12:43  Viper  
  125  12:44  Viper x4  
  140  12:52  Zerg Ground Armor Level 2  
  140  13:17  Hatchery, Extractor  
  140  13:19  Roach x7  
  156  13:20  Roach x2  
  156  13:21  Extractor  
  156  13:53  Extractor  
  156  13:54  Extractor  
  154  13:56  Roach  
  154  13:57  Roach x10  
  176  14:09  Overlord  
  176  14:10  Overlord  
  176  14:11  Overlord  
  176  14:20  Overlord  
  176  14:22  Overseer x3  
  176  14:23  Overseer  
  75  14:49  Roach x9  
  75  14:50  Roach x3  
  93  14:56  Roach x2  
Show
View Real Time Build Order
Export as new Build Order

Rebok Zerg - Winner!

Build Orders: Hatch First 

Get SALT Encoding   

  12  0:02  Drone  
  13  0:13  Overlord  
  13  0:18  Drone  
  14  0:32  Drone x2  
  16  0:36  Drone  
  17  0:46  Drone  
  18  1:01  Hatchery  
  18  1:02  Drone  
  18  1:08  Drone  
  19  1:17  Spawning Pool  
  18  1:19  Drone  
  18  1:25  Extractor  
  18  1:30  Overlord  
  18  1:44  Drone  
  19  1:54  Drone  
  20  2:03  Drone  
  20  2:04  Queen  
  23  2:12  Drone  
  23  2:13  Drone  
  23  2:14  Queen  
  27  2:24  Drone x2  
  29  2:34  Metabolic Boost  
  29  2:38  Hatchery  
  28  2:52  Overlord  
  28  2:58  Baneling Nest  
  28  2:59  Zergling x4  
  28  3:00  Spine Crawler  
  28  3:04  Overlord  
  28  3:13  Drone  
  28  3:14  Drone x3  
  32  3:30  Evolution Chamber  
  32  3:31  Drone x4  
  35  3:39  Queen  
  37  3:44  Drone x2  
  39  3:53  Overlord  
  39  3:55  Drone x3  
  41  4:02  Extractor  
  40  4:03  Zerg Ground Armor Level 1  
  40  4:13  Evolution Chamber  
  39  4:19  Drone x4  
  43  4:33  Zergling x4  
  43  4:34  Spine Crawler, Zergling x12  
  50  4:39  Zerg Melee Weapons Level 1  
  50  4:50  Lair  
  50  4:56  Zergling x2  
  50  4:57  Zergling x12  
  50  4:58  Zergling x2  
  58  5:02  Overlord  
  58  5:21  Drone x3  
  58  5:22  Drone x4  
  58  5:23  Drone  
  58  5:25  Overlord x2  
  66  5:31  Pneumatized Carapace  
  66  5:44  Zergling x16  
  66  5:45  Zergling x2  
  75  5:58  Extractor  
  75  5:59  Extractor  
  75  6:01  Drone x3, Spire  
  75  6:02  Drone  
  76  6:06  Extractor  
  76  6:10  Overseer  
  75  6:13  Zergling x10  
  75  6:14  Zergling x2  
  81  6:26  Overlord x4  
  81  6:36  Drone  
  82  6:44  Queen  
  84  6:51  Overlord  
  84  6:52  Overlord x2  
  84  6:55  Drone x7  
  84  6:59  Zergling x2  
  84  7:00  Zergling x6  
  95  7:13  Zerg Flyer Weapons Level 1, Mutalisk  
  95  7:14  Mutalisk x2  
  95  7:33  Zergling x10  
  95  7:34  Zergling x12  
  95  7:49  Mutalisk  
  95  7:50  Mutalisk x5  
  104  8:07  Zerg Ground Armor Level 2, Zerg Melee Weapons Level 2  
  104  8:09  Drone  
  104  8:10  Drone x4  
  104  8:11  Drone  
  110  8:31  Mutalisk x4  
  115  8:34  Zergling x2  
  115  8:35  Zergling x10  
  120  8:48  Drone x7  
  125  8:49  Infestation Pit  
  126  9:09  Zerg Flyer Weapons Level 2  
  126  9:11  Drone x2  
  126  9:12  Drone  
  126  9:13  Drone x2  
  126  9:16  Extractor  
  130  9:18  Mutalisk x2  
  130  9:19  Mutalisk x2  
  138  9:26  Hatchery  
  138  9:27  Drone  
  138  9:32  Overlord  
  138  9:33  Overlord  
  138  9:34  Hive  
  138  9:51  Drone  
  138  9:52  Drone x4  
  143  9:54  Drone x3  
  143  9:55  Drone x2  
  143  9:56  Queen  
  150  10:20  Pathogen Glands  
  148  10:29  Overlord  
  148  10:36  Centrifical Hooks  
  148  10:46  Extractor  
  148  10:48  Extractor  
  146  10:58  Baneling x3  
  146  10:59  Baneling x6  
  146  11:00  Zerg Ground Armor Level 3, Zerg Melee Weapons Level 3  
  146  11:05  Adrenal Glands, Ultralisk Cavern  
  146  11:09  Overseer  
  145  11:13  Overlord x3  
  145  11:16  Infestor  
  147  11:40  Baneling x2  
  147  11:41  Baneling x3  
  147  11:52  Drone x3  
  147  11:53  Ultralisk  
  168  11:54  Ultralisk x2  
  168  12:01  Chitinous Plating  
  168  12:24  Ultralisk  
  168  12:25  Ultralisk  
  168  12:26  Overlord  
  168  12:27  Overlord x3  
  168  12:29  Extractor  
  179  12:32  Hatchery  
  179  12:34  Extractor  
  177  12:46  Baneling x4  
  177  12:47  Baneling x11  
  177  12:48  Baneling x7  
  177  13:27  Extractor  
  177  13:29  Hatchery  
  177  13:32  Extractor  
  172  13:43  Queen x2  
  172  13:47  Ultralisk x4  
  198  13:53  Queen  
  165  14:45  Ultralisk x6  
  184  14:46  Ultralisk x2, Zergling x2  
  184  14:47  Zergling x6  
  184  14:48  Zergling x4  
  192  15:07  Overlord  
  192  15:10  Drone x3  
  192  15:11  Drone x3  
Tags
 
Add a new tag
Caveats
  • Supply blocks, unpowered buildings, or Contaminate may cause inaccurate times.
  • Supply counts are checked every 10 seconds.